 Dungeon Crawl Stone Soup version 0.22-a0-196-gee22f27 (webtiles) character file.

264 b5mith the Skirmisher (level 6, -1/72 HPs)
             Began as a Human Berserker on Feb 17, 2018.
             Was a Believer of Trog.
             Succumbed to Partyfoot's ghost's poison
             ... on level 3 of the Dungeon.
             The game lasted 00:07:19 (2158 turns).

b5mith the Skirmisher (Human Berserker)             Turns: 2158, Time: 00:07:21

Health: -1/72      AC: 23    Str: 20    XL:     6   Next: 43%
Magic:  6/6        EV:  2    Int:  7    God:    Trog [**....]
Gold:   83         SH:  0    Dex: 12    Spells: 5/5 levels left

rFire    . . .     SeeInvis .   e - +1 hand axe (elec)
rCold    . . .     Gourm    .   (no shield)
rNeg     + + +     Faith    .   (armour currently unavailable)
rPois    +         Spirit   .   (helmet currently unavailable)
rElec    .         Reflect  .   (cloak currently unavailable)
rCorr    .         Harm     .   (gloves currently unavailable)
MR       .....     NoTele   +   (boots currently unavailable)
Stlth    +.........             (no amulet)
HPRegen  0.22/turn              (no ring)
MPRegen  0.10/turn              (no ring)

@: lethally poisoned (-1 -> -15), tree-form, berserk cooldown, slowed, very slow
A: no striking features
a: Berserk, Trog's Hand, Burn Spellbooks, Renounce Religion


You were on level 3 of the Dungeon.
You worshipped Trog.
Trog was pleased with you.
You were not hungry.
You were a tree.
You visited 1 branch of the dungeon, and saw 3 of its levels.

You collected 83 gold pieces.

Inventory:

Hand Weapons
 a - a +0 spear
 e - a +1 hand axe of electrocution (weapon)
Missiles
 h - 21 stones (quivered)
Armour
 b - a +0 animal skin
 i - a +2 ring mail of poison resistance
 k - a +0 pair of boots (melded)
 m - a +0 cloak (melded)
 n - a +0 leather armour of magic resistance (melded)
Scrolls
 d - 3 scrolls of identify {@r1}
 f - a scroll of immolation {unknown}
 l - 2 scrolls of amnesia
 o - a scroll of enchant armour {unknown}
 p - a scroll of teleportation {unknown}
 r - a scroll of remove curse {unknown}
Potions
 g - a potion of agility {unknown}
 j - a potion of curing {unknown}
Comestibles
 c - 3 rations


   Skills:
 + Level 4.2 Fighting
 + Level 2.7(3.4) Axes
 - Level 3.0(3.5) Polearms
 + Level 3.5 Armour
 + Level 3.5 Dodging


You had 5 spell levels left.
You didn't know any spells.

Dungeon Overview and Level Annotations

Branches:
Dungeon (3/15)

Altars:
Cheibriados
Uskayaw
Yredelemnul


Message History

* * * LOW HITPOINT WARNING * * *
You feel sick.
You feel a strong urge to attack something.
* * * LOW HITPOINT WARNING * * *
You feel sick.
* * * LOW HITPOINT WARNING * * *
You feel sick.
You are too berserk!
You feel your anger nearly subside.
You are no longer berserk.
You are exhausted.
You feel yourself slow down.
* * * LOW HITPOINT WARNING * * *
You feel sick.
It was a potion of lignification.
You turn into a tree.
Your +0 cloak melds into your body.
Your +0 pair of boots melds into your body.
Your +0 leather armour of magic resistance melds into your body.
You feel less resistant to hostile enchantments.
Your roots penetrate the ground.
You die...

#. #. #. #. #. #.
...######### #.
.l.......!.# #.
...#######♣######
#. #.#≈≈≈.## #.
##≈≈≈≈≈.## #.
#_≈≈†≈≈..# #####.
##≈≈≈≈≈..####.....
#..≈≈≈............
#..............#..
#.#####..#####.#.#
#. #..# ♣♣♣♣#


There were no monsters in sight!

Vanquished Creatures
  The ghost of Partyfoot the Sneak, an amateur DrFE of Wu Jian (D:3)
  An orc priest (D:2)
  Terence (D:2)
  3 dart slugs
  A worm (D:2)
  4 orcs
  A ball python (D:2)
  9 bats
  2 gnoll zombies (D:2)
  8 goblins
  7 hobgoblins
  9 jackals
  A frilled lizard (D:1)
  5 kobolds
  9 rats
62 creatures vanquished.

Notes
Turn   | Place    | Note
-------+----------+-------------------------------------------
     0 | D:1      | b5mith the Human Berserker began the quest for the Orb.
     0 | D:1      | Reached XP level 1. HP: 18/18 MP: 1/1
   266 | D:1      | Reached XP level 2. HP: 22/24 MP: 2/2
   494 | D:1      | Reached skill level 1 in Axes
   511 | D:1      | Reached XP level 3. HP: 29/29 MP: 3/3
  1330 | D:2      | Noticed Terence
  1339 | D:2      | Killed Terence
  1339 | D:2      | Reached ** piety under Trog
  1339 | D:2      | Reached XP level 4. HP: 29/35 MP: 4/4
  1457 | D:2      | Found a hide-covered altar of Uskayaw.
  1700 | D:2      | Found a basalt altar of Yredelemnul.
  1782 | D:2      | Reached XP level 5. HP: 30/42 MP: 5/5
  2093 | D:3      | Found a snail-covered altar of Cheibriados.
  2134 | D:3      | Noticed Partyfoot's ghost (amateur DrFE)
  2151 | D:3      | Killed Partyfoot's ghost
  2151 | D:3      | Reached skill level 4 in Fighting
  2151 | D:3      | Reached XP level 6. HP: 11/48 MP: 6/6
  2156 | D:3      | HP: 3/72 [poisoned by Partyfoot's ghost]
  2157 | D:3      | HP: 1/48 [poisoned by Partyfoot's ghost]
  2158 | D:3      | Succumbed to Partyfoot's ghost's poison

Vault maps used:
D:1:      dpeg_arrival_snail, minivault_26, minivault_11
D:2:      lemuel_round_altar, lemuel_zombie_altar_yredelemnul, uniq_terence
D:3:      lemuel_round_altar, kennysheep_slug_shrine, serial_forest,
          infiniplex_forest_3_way, infiniplex_forest_lined_room_,
          infiniplex_forest_join, infiniplex_forest_end_2,
          infiniplex_forest_end_2

Skill      XL: |  1  2  3  4  5 |
---------------+----------------+-----
Axes           | 1 2 |  2.7
Armour         | 3 |  3.5
Dodging        | 3 |  3.5
Fighting       | 4 |  4.2
Polearms       | |  3.0

Action                   |  1- 3 |  4- 6 || total
-------------------------+-------+-------++-------
Melee: Hand axe          |    85 |    61 ||   146
       Spear             |     9 |       ||     9
Throw: Stone             |     5 |     9 ||    14
Invok: Berserk           |       |     1 ||     1
  Use: Scroll            |     1 |       ||     1
       Potion            |       |     1 ||     1
  Eat: Chunk             |     1 |     2 ||     3
       Ration            |       |     1 ||     1
Armor: Animal skin       |     5 |       ||     5
       Ring mail         |    19 |    17 ||    36
       Leather armour    |       |     8 ||     8
Dodge: Dodged            |    65 |    49 ||   114

Table legend:
 A = Spawn XP
 B = Non-spawn XP
 C = Spawn XP percentage of total XP
 D = Spawn monster count
 E = Non-spawn monster count
 F = Spawn count percentage of total count
 G = Total turns spent on level
                    A         B        C        D         E        F      G
               +---------+---------+-------+---------+---------+-------+---------
         Total |       0 |     378 |   0.0 |       0 |      62 |   0.0 |  2158
               +---------+---------+-------+---------+---------+-------+---------
           D:1 |       0 |      42 |   0.0 |       0 |      27 |   0.0 |  1035
           D:2 |       0 |     123 |   0.0 |       0 |      23 |   0.0 |   823
           D:3 |       0 |     213 |   0.0 |       0 |      12 |   0.0 |   300
               +---------+---------+-------+---------+---------+-------+---------
